AoeStats
← matheus_deves

Migration

506149724Analyzed
1v1 RM · 21d ago on Sep 12, 2026· 48m 59s· 2 players
Game mode
Random Map
Map size
132×132
Population
200
Speed
Normal
Resources
Standard
Victory
Conquest
Starting age
Dark Age
Ending age
Imperial Age
RankedLock teamsTeams togetherTeam positionsShared explorationLock speedFull tech treeHidden civsTurbo modeCheats
Victory
Defeat
🇨🇱 Chinese · Chile
477
+16
🇧🇷 Byzantines · Brazil
478
-26
lordsito
2:28 Loom
12:00 Feudal Age
13:11 Double-Bit Axe
14:53 Man-at-Arms
16:12 Gold Mining
24:41 Castle Age
22:43 Stone Mining
27:44 Long Swordsman
34:38 Imperial Age
37:43 Bow Saw
38:34 Wheelbarrow
38:38 Gold Shaft Mining
38:40 Stone Shaft Mining
41:24 Chemistry
40:45 Ballistics
45:57 Rocketry
47:45 Elite Chu Ko Nu
48:01 Two-Handed Swordsman
matheus_deves
6:22 Loom
9:21 Feudal Age
9:48 Double-Bit Axe
13:58 Wheelbarrow
13:10 Horse Collar
16:48 Gold Mining
16:57 Stone Mining
25:52 Castle Age
26:35 Elite Skirmisher
26:41 Pikeman
27:45 Medium Warships
31:08 Hand Cart
32:08 Husbandry
32:29 Scale Mail Armor
32:40 Forging
32:31 Padded Archer Armor
32:40 Scale Barding Armor
44:39 Greek Fire
Connection lost

Rejoining the realm…

Still unreachable

The connection could not be restored.

Session expired

The server has moved on; the page needs a fresh start.